 Dungeon Crawl Stone Soup version 0.13.0-18-g7b03ea5 (webtiles) character file.

775 Deemzul the Grave Robber (level 7, 0/50 HPs)
             Began as a Hill Orc Necromancer on Oct 22, 2013.
             Slain by a centaur (6 damage)
             ... on Level 6 of the Dungeon.
             The game lasted 00:17:06 (5442 turns).

Deemzul the Grave Robber (Hill Orc Necromancer)     Turns: 5442, Time: 00:17:07

HP   0/50        AC  7     Str 13      XL: 7   Next: 57%
MP  14/14        EV 11     Int 17      God:
Gold 108         SH  0     Dex 11      Spells:  3 memorised,  6 levels left

Res.Fire  : . . .   See Invis. : +   v - -1,+0 orc hand axe
Res.Cold  : . . .   Warding    : .   B - +0 orc leather armour
Life Prot.: . . .   Conserve   : .   (no shield)
Res.Poison: +       Res.Corr.  : .   (no helmet)
Res.Elec. : .       Clarity    : .   (no cloak)
Sust.Abil.: . .     Spirit.Shd : .   k - +1 pair of dwarf gauntlets
Res.Mut.  : .       Stasis     : .   a - +0 pair of boots of Yredelemnul's Regard {Dam+4 SInv}
Res.Rott. : .       Flight     : .   E - amulet of faith {unknown}
Saprovore : + . .                    y - +2 ring of strength
                                     f - ring of poison resistance

@: slightly resistant to hostile enchantments, unstealthy
A: saprovore 1
a: no special abilities


You were on level 6 of the Dungeon.
You were hungry.

You visited 1 branch of the dungeon, and saw 6 of its levels.

You collected 250 gold pieces.
You spent 162 gold pieces at shops.

Inventory:

Hand weapons
 v - a -1,+0 orcish hand axe (weapon)
Armour
 a - the +0 pair of boots of Yredelemnul's Regard (worn) {Dam+4 SInv}
   (You bought it in a shop on level 5 of the Dungeon)

   It affects your damage-dealing abilities (+4).
   It enhances your eyesight.
 k - a +1 pair of dwarven gauntlets (worn)
 s - a +1 orcish chain mail
 B - a +0 orcish leather armour (worn)
 I - a +0 orcish chain mail
Comestibles
 c - 3 meat rations
 j - 2 pears
 u - 3 bread rations
 H - 2 chunks of big fish flesh
Scrolls
 g - 2 scrolls of enchant weapon II {unknown}
 h - a scroll of enchant armour {unknown}
 i - a scroll of curse jewellery {unknown}
 o - 5 scrolls of identify {unknown}
 p - 2 scrolls of curse armour {unknown}
 r - 3 scrolls of remove curse
 w - a scroll of blinking {unknown}
 x - a scroll of enchant weapon I {unknown}
 A - a scroll of fog {unknown}
 C - a scroll of teleportation {unknown}
 D - 2 scrolls of noise {unknown}
Jewellery
 f - a ring of poison resistance (left hand)
 n - an uncursed amulet of resist mutation {unknown}
 y - a +2 ring of strength (right hand)
 E - an amulet of faith (around neck) {unknown}
 G - an uncursed ring of sustenance {unknown}
Potions
 d - a potion of curing
 e - a potion of heal wounds {unknown}
 l - a potion of flight {unknown}
 m - a potion of speed {unknown}
 q - a potion of confusion {unknown}
 t - a potion of might {unknown}
 z - a potion of experience {unknown}
Books
 b - a book of Necromancy

   Spells                             Type                      Level
   *Pain                              Necromancy                   1
   *Animate Skeleton                  Necromancy                   1
   Lethal Infusion                    Charms/Necromancy            2
   Vampiric Draining                  Necromancy                   3
   Regeneration                       Charms/Necromancy            3
   *Animate Dead                      Necromancy                   4
   Control Undead                     Necromancy                   4


   Skills:
 + Level 3.5 Armour
 - Level 2.5 Dodging
 - Level 2.4 Stealth
 + Level 3.0 Spellcasting
 * Level 6.4 Necromancy


You had 6 spell levels left.
You knew the following spells:

 Your Spells              Type           Power        Failure   Level  Hunger
a - Pain                  Necr           ###.         1%          1    None
b - Animate Skeleton      Necr           N/A          1%          1    None
c - Animate Dead          Necr           N/A          14%         4    ####...


Dungeon Overview and Level Annotations

Branches:
Dungeon (6/27)
 Temple: D:4-7          Orc: D:6-11

Altars:
Nemelex Xobeh
Okawaru

Shops:
D:5 [

Annotations:
D:2 Sigmund


Innate Abilities, Weirdness & Mutations

You can tolerate rotten meat.


Message History

The centaur is severely wounded.
The centaur closely misses you.
The centaur hits you but does no damage.
A kobold comes into view. It is wielding a dagger.
You barely miss the centaur.
The centaur is severely wounded.
The kobold shouts!
The centaur hits you but does no damage.
The centaur hits you!
* * * LOW HITPOINT WARNING * * *
You hit the centaur.
The centaur is almost dead.
The centaur hits you.
* * * LOW HITPOINT WARNING * * *
The centaur completely misses you.
You are feeling hungry.
You hit the centaur but do no damage.
The centaur is almost dead.
The centaur barely misses you. The centaur hits you.
You die...

#####...#.# #.#.#
#...#.#########.#.#
#...............#.#
#...#.########..#.#
###..................
.......#......... #.#
####..#%######## #.#
#.(.........#
#@...#####...
#.Kc....#
#.##........ #
#...##### .....
##...#. #...#.# .....
...


You could see a centaur and a kobold.

Vanquished Creatures
  A sky beast (D:5)
  An ogre (D:5)
  A crimson imp (D:5)
  A giant frog skeleton (D:4)
  A black bear skeleton (D:5)
  2 iguanas
  4 orc wizards
  A worker ant (D:4)
  A big fish (D:6)
  Jessica (D:3)
  2 adders
  2 worms
  12 orcs
  9 goblins
  6 hobgoblins
  7 kobolds
  3 quokkas
  4 training dummies (D:5)
  4 bats
  2 giant cockroaches
  3 giant geckos
  A giant newt skeleton (D:5)
  13 rats
82 creatures vanquished.

Vanquished Creatures (collateral kills)
  A centaur (D:5)
  An adder (D:2)
  A worm (D:5)
  A giant gecko (D:2)
  3 orcs (D:3)
  A goblin (D:5)
  A rat (D:2)
9 creatures vanquished.

Vanquished Creatures (others)
  A bat skeleton (D:2)
  A bat zombie (D:2)
  A goblin zombie (D:2)
  A hobgoblin zombie (D:6)
  A human zombie (D:3)
  3 kobold skeletons (D:2)
  A kobold zombie (D:3)
  5 orc zombies
  A quokka zombie (D:3)
  3 rat skeletons
  2 rat zombies (D:3)
20 creatures vanquished.

Grand Total: 111 creatures vanquished

Notes
Turn   | Place    | Note
--------------------------------------------------------------
     0 | D:1      | Deemzul, the Hill Orc Necromancer, began the quest for the Orb.
     0 | D:1      | Reached XP level 1. HP: 14/14 MP: 3/3
   151 | D:1      | Learned a level 1 spell: Animate Skeleton
   222 | D:1      | Reached XP level 2. HP: 11/20 MP: 1/4
   635 | D:1      | You fall through a shaft!
   682 | D:2      | Noticed Sigmund
   768 | D:2      | Reached XP level 3. HP: 10/26 MP: 0/6
   917 | D:2      | HP: 1/26 [adder (4)]
  1599 | D:3      | Reached XP level 4. HP: 21/33 MP: 0/7
  1971 | D:2      | Learned a level 4 spell: Animate Dead
  2737 | D:3      | Noticed Jessica
  2742 | D:3      | Killed Jessica
  2742 | D:3      | Reached XP level 5. HP: 28/38 MP: 5/9
  2815 | D:3      | Your ally Jessica died
  3176 | D:3      | Reached skill level 1 in Armour
  3258 | D:4      | Reached skill level 5 in Necromancy
  3489 | D:4      | Reached XP level 6. HP: 20/45 MP: 9/11
  3731 | D:4      | Found a sparkling altar of Nemelex Xobeh.
  3784 | D:5      | Entered Level 5 of the Dungeon
  3786 | D:5      | Found Ywniurghov's Antique Armour Shoppe.
  3796 | D:5      | Bought a pair of dazzling boots for 162 gold pieces
  3799 | D:5      | Identified the +0 pair of boots of Yredelemnul's Regard {Dam+4 SInv} (You bought it in a shop on level 5 of the Dungeon)
  4262 | D:5      | Found an iron altar of Okawaru.
  4590 | D:5      | Reached skill level 6 in Necromancy
  4590 | D:5      | Reached XP level 7. HP: 38/50 MP: 5/13
  5139 | D:6      | Found a glowing drain.
  5184 | D:6      | HP: 1/50 [sky beast (6)]
  5442 | D:6      | Slain by a centaur

Action                   |  1- 3 |  4- 6 |  7- 9 || total
-------------------------+-------+-------+-------++-------
Melee: Unarmed           |    65 |    48 |       ||   113
       Hand axe          |       |    82 |    46 ||   128
 Cast: Pain              |    47 |    78 |    18 ||   143
       Animate Skeleton  |     6 |       |     1 ||     7
       Animate Dead      |       |     9 |     4 ||    13
  Use: Potion            |       |     3 |       ||     3
       Scroll            |       |     1 |       ||     1
 Stab: Sleeping          |       |     1 |       ||     1
       Distracted        |       |     1 |       ||     1
